 Dungeon Crawl Stone Soup version 0.16-a0-1970-g0967df0 (webtiles) character file.

274 thegroundistoosoft the Insei (level 6, -1/47 HPs)
             Began as a Mummy Monk on Nov 8, 2014.
             Slain by an orc wizard
             ... wielding a +0 dagger
              (2 damage)
             ... on level 5 of the Dungeon.
             The game lasted 00:26:24 (7021 turns).

thegroundistoosoft the Insei (Mummy Monk)           Turns: 7021, Time: 00:26:24

Health: -1/47      AC:  2    Str: 14    XL:     6   Next: 3%
Magic:  6/6        EV: 13    Int:  9    God:
Gold:   137        SH:  0    Dex: 16    Spells: 0 memorised, 5 levels left

rFire  x . .     SeeInvis .       - Unarmed
rCold  + + .     Clarity  .     (no armour)
rNeg   + + +     SustAb   .     (no shield)
rPois  +         Gourm    .     f - +1 helmet
rElec  .         Spirit   .     (no cloak)
rCorr  .         Warding  .     (no gloves)
rMut   .         Stasis   .     (no boots)
MR     .....                    (no amulet)
Stlth  ++........               (no ring)
                                g - ring of protection from cold

@: not resistant to hostile enchantments, unstealthy
A: no food or potions, fire vulnerability, restore body, cold resistance 1,
negative energy resistance 3, poison resistance, torment resistance, unbreathing
a: no special abilities


You were on level 5 of the Dungeon.
You were not hungry.

You visited 1 branch of the dungeon, and saw 5 of its levels.

You collected 137 gold pieces.


Innate Abilities, Weirdness & Mutations

You do not eat or drink.
Your flesh is vulnerable to fire.
Your flesh is cold resistant.
You are immune to negative energy.
Your system is resistant to poisons.
You are immune to unholy pain and torment.
You can survive without breathing.


   Skills:
 - Level 3.0 Fighting
 + Level 2.4 Dodging
 - Level 1.5 Stealth
 - Level 6.0 Unarmed Combat


You had 5 spell levels left.
You didn't know any spells.

Inventory:

Armour
 f - a +1 helmet (worn)
Jewellery
 g - a ring of protection from cold (left hand)
Scrolls
 a - 2 scrolls of immolation {!r}
 c - 3 scrolls of identify
 e - 4 scrolls of remove curse
Comestibles
 b - a slice of pizza (quivered)

Dungeon Overview and Level Annotations

Branches:
Dungeon (5/15)
 Temple: D:4-7

Altars:
Okawaru
The Shining One

Shops:
D:4 (=*(

Annotations:
D:2 Terence
D:4 1 exclusion

,,,,,,,,,*,*,*
*,*,*******,****
********,,,*,*####,*,*
**,*** *,***,,,...,*,*
**,,, *,* *,,,..#**,*
**** *,* ****#.# *,*
***** *,* #.# *,*
,,,,* *,* #<# *,*
***,****,* #.# *,*
,,,,,,,,,**** #@# *,*
*,*,,,,,,,,,***#o# *,*
,*******,**,,,,..#**,*
********,****,....,,,*
,,,,,,,,,,,,,.####****
************##*


You could see an orc wizard.


Message History

The orc wizard is moderately wounded.
The orc wizard closely misses you.
You hit the orc wizard but do no damage.
The orc wizard is moderately wounded.
The orc wizard gestures wildly while chanting.
You feel a wave of unholy energy pass over you.
The orc wizard hits you with a dagger.
* * * LOW HITPOINT WARNING * * *
You hit the orc wizard.
The orc wizard is heavily wounded.
The orc wizard gestures at you while chanting.
The puff of frost hits you! You resist.
* * * LOW HITPOINT WARNING * * *
You closely miss the orc wizard.
The orc wizard is heavily wounded.
The orc wizard misses you.
You closely miss the orc wizard.
The orc wizard is heavily wounded.
The orc wizard hits you with a dagger.
* * * LOW HITPOINT WARNING * * *
The orc wizard hits you with a dagger.
* * * LOW HITPOINT WARNING * * *
You closely miss the orc wizard.
The orc wizard is heavily wounded.
The orc wizard hits you with a dagger.
* * * LOW HITPOINT WARNING * * *
You hit the orc wizard.
The orc wizard is severely wounded.
The orc wizard hits you with a dagger.
You die...

Action                   |  1- 3 |  4- 6 || total
-------------------------+-------+-------++-------
Melee: Unarmed           |   140 |   316 ||   456
  Use: Scroll            |     4 |     5 ||     9
 Stab: Sleeping          |     6 |     3 ||     9

Vault maps used:
D:1:      ldierk_walled_garden
D:2:      minmay_door_path, corner_web_ring, uniq_terence
D:3:      gammafunk_temple_overflow_elements, uniq_jessica
D:4:      serial_shops, shop, shop_statue, kennysheep_little_box, shop,
          solitary_fountain
D:5:      minmay_temple_entry_junction, first_bread, st_stairs_4,
          serial_park_tiny_2, uniq_pikel

Notes
Turn   | Place    | Note
--------------------------------------------------------------
     0 | D:1      | thegroundistoosoft, the Mummy Monk, began the quest for the Orb.
     0 | D:1      | Reached XP level 1. HP: 18/18 MP: 1/1
    50 | D:1      | thegroundistoosoft: gimme a minute
    50 | D:1      | Artagel: thegroundstayinghard
    50 | D:1      | thegroundistoosoft: I'm gonna completely change out luck!
    50 | D:1      | thegroundistoosoft: *r
   175 | D:1      | thegroundistoosoft: welcome!
   414 | D:1      | Reached XP level 2. HP: 24/24 MP: 2/2
  1073 | D:2      | Reached skill level 4 in Unarmed Combat
  1255 | D:2      | Noticed Terence
  1256 | D:2      | Artagel: hax
  1530 | D:2      | thegroundistoosoft: riced up playertile
  1580 | D:2      | Reached XP level 3. HP: 21/29 MP: 3/3
  2293 | D:2      | :<
  2854 | D:2      | Reached XP level 4. HP: 27/35 MP: 4/4
  2862 | D:2      | thegroundistoosoft: wait a minute
  2862 | D:2      | thegroundistoosoft: you're not a rat
  3635 | D:3      | Reached skill level 5 in Unarmed Combat
  3933 | D:3      | Noticed Jessica
  4011 | D:3      | thegroundistoosoft: artagel my dear friend
  4011 | D:3      | thegroundistoosoft: does it not seem to you that poison kiting is part of the natural way of the mumo
  4011 | D:3      | Artagel: :D
  4011 | D:3      | Artagel: seems lame as fuck
  4011 | D:3      | Artagel: but I like it
  4011 | D:3      | thegroundistoosoft: thanks
  4011 | D:3      | thegroundistoosoft: wait no
  4011 | D:3      | thegroundistoosoft: you were supposed to be adamant
  4011 | D:3      | thegroundistoosoft: the pillar of sanity
  4034 | D:3      | Killed Jessica
  4034 | D:3      | Reached XP level 5. HP: 35/41 MP: 5/5
  4037 | D:3      | thegroundistoosoft: >polymorphing mummies
  4753 | D:3      | Found a glowing golden altar of the Shining One.
  4753 | D:3      | Found an iron altar of Okawaru.
  5510 | D:4      | Found Pyekaen's Jewellery Shop.
  5519 | D:4      | thegroundistoosoft: !!!!!!!
  5519 | D:4      | thegroundistoosoft: regen detected
  5931 | D:4      | thegroundistoosoft: why is everything so incredibly awful
  5931 | D:4      | thegroundistoosoft: at all times
  6216 | D:4      | Artagel: as it should be
  6290 | D:4      | Found Praam's Antique Weapon Shop.
  6309 | D:4      | Found Ustuotia's Assorted Antiques.
  6551 | D:4      | Artagel: it's kinda funny though
  6565 | D:4      | Artagel: how hard the game can get with some random conducts
  6572 | D:4      | Artagel: and a suboptimal race
  6585 | D:4      | Noticed an ogre
  6585 | D:4      | Artagel: alert
  6585 | D:4      | thegroundistoosoft: inb4 scorpion sammich
  6643 | D:4      | thanks devs
  6655 | D:4      | thegroundistoosoft: A HAT
  6666 | D:4      | HA HA HA
  6718 | D:4      | Found Hudo's Antique Weapon Boutique.
  6757 | D:4      | Reached skill level 6 in Unarmed Combat
  6757 | D:4      | Reached XP level 6. HP: 19/47 MP: 6/6
  6939 | D:4      | thegroundistoosoft: you know what I'm scared about
  6939 | D:4      | thegroundistoosoft: the ood clock
  6959 | D:4      | Artagel: well yes
  6959 | D:4      | thegroundistoosoft: ever ticking
  6976 | D:4      | Artagel: so might have to progress deeper into the D
  6986 | D:4      | thegroundistoosoft: idd
  6986 | D:4      | thegroundistoosoft: since scorpion chan and shreck block that side
  6987 | D:5      | Entered Level 5 of the Dungeon
  6994 | D:5      | Artagel: indeed
  7011 | D:5      | Artagel: wtf
  7012 | D:5      | Artagel: this mage is buff
  7012 | D:5      | thegroundistoosoft: I mean
  7012 | D:5      | thegroundistoosoft: I know UC isn't all that much
  7012 | D:5      | thegroundistoosoft: but I would expect six levels of it to be better
  7015 | D:5      | Artagel: welp
  7019 | D:5      | HP: 4/47 [orc wizard/dagger (1)]
  7020 | D:5      | HP: 1/47 [orc wizard/dagger (2)]
  7021 | D:5      | Slain by an orc wizard

Vanquished Creatures
  2 hounds (D:4)
  Jessica (D:3)
  5 adders
  A gnoll (D:2)
  A giant mite (D:3)
  3 worms
  5 giant geckos
  An ooze (D:3)
  13 orcs
  12 hobgoblins
  7 jackals
  2 quokkas
  8 bats
  3 giant cockroaches
  6 giant newts
  10 goblins
  11 kobolds
  A kobold skeleton (D:4)
  10 rats
102 creatures vanquished.

Vanquished Creatures (others)
  5 toadstools (D:1)
5 creatures vanquished.

Grand Total: 107 creatures vanquished
